 Dungeon Crawl Stone Soup version 0.28-a0-861-ge64d6db94f (webtiles) character file.

Game seed: 7582513634640637120

164 Gwenloh the Magician (level 5, -4/38 HPs)
             Began as a Djinni Fire Elementalist on Nov 15, 2021.
             Slain by an adder (5 damage)
             ... on level 3 of the Dungeon.
             The game lasted 00:09:19 (3512 turns).

Gwenloh the Magician (Djinni Fire Elementalist)     Turns: 3512, Time: 00:09:19

Health: -4/38      AC:  2    Str:  7    XL:     5   Next: 73%
Gold:   116        EV: 16    Int: 18    God:
                   SH:  0    Dex: 13

rFire   + + .      SeeInvis .   c - +0 dagger
rCold   x . .      Faith    .   (no shield)
rNeg    . . .      Spirit   .   a - +0 robe
rPois   ∞          Reflect  .   (no helmet)
rElec   .          Harm     .   (no cloak)
rCorr   +          Rampage  .   (no gloves)
Will    .....                   (boots unavailable)
Stlth   ++........              (no amulet)
HPRegen 0.12/turn               p - +4 ring of evasion
MPRegen 0.00/turn               q - ring of resist corrosion

@: flying, very slightly contaminated
A: sickness immunity, fire resistance 2, cold vulnerability 1, float, innate
caster, hp casting, extra vitality 1
a: no special abilities


You were on level 3 of the Dungeon.
You visited 1 branch of the dungeon, and saw 3 of its levels.

You collected 116 gold pieces.

Inventory:

Hand Weapons
 c - a +0 dagger (weapon)
Armour
 a - a +0 robe (worn)
 f - a +0 buckler
Jewellery
 p - a +4 ring of evasion (left hand)
 q - a ring of resist corrosion (right hand)
Scrolls
 b - a scroll of noise {unknown}
 e - a scroll of immolation {unknown}
 g - a scroll of fear {unknown}
 h - a scroll of enchant weapon {unknown}
 i - a scroll of teleportation {unknown}
 j - 2 scrolls of identify {unknown}
 l - a scroll of blinking {unknown}
 o - 2 scrolls of fog {unknown}
Potions
 d - 2 potions of haste {unknown}
 k - 3 potions of berserk rage {unknown}
 m - a potion of attraction {unknown}
 n - a potion of might {unknown}


   Skills:
 + Level 2.2 Fighting
 - Level 2.1 Dodging
 - Level 1.5 Stealth
 + Level 2.0 Shields
 * Level 3.7 Spellcasting


You couldn't memorise any spells.
You knew the following spells:

 Your Spells              Type           Power      Damage    Failure   Level
a - Foxfire               Conj/Fire      64%        2x1d7     3%          1
b - Scorch                Fire           32%        2d6       4%          2
c - Conjure Flame         Conj/Fire      16%        6-21      10%         3
d - Inner Flame           Hex/Fire       16%        N/A       10%         3
e - Flame Wave            Conj/Fire      16%        3d5       32%         4
f - Sting                 Tmut/Pois      64%        1d6       3%          1
g - Wereblood             Tmut           16%        N/A       4%          2
Your spell library was empty.

Dungeon Overview and Level Annotations

Branches:
Dungeon (3/15)

Altars:


Innate Abilities, Weirdness & Mutations

You are immune to sickness and miasma.
You are immune to poison.
Your flesh is very heat resistant. (rF++)
You are vulnerable to cold. (rC-)
You float through the air rather than walking.
You learn spells naturally, not from books.
Your magical power is your life essence.
You have superior vitality. (+4 HP)


Message History

Press: ? - help, Dir - look around, f - activate You miscast Flame Wave.
You are very lightly contaminated with residual magic.
You feel a strange surge of energy!
The foxfire hits the orc.
The orc is almost dead.
The foxfire hits the orc.
You kill the orc!
The adder misses you.
Casting: Flame Wave (extremely dangerous; 32% risk of failure)
Confirm with . or Enter, or press ? or * to list all spells.
The spell is extremely dangerous to cast (32% risk of failure)!
Continue anyway?
Casting: Flame Wave (extremely dangerous; 32% risk of failure)
Press: ? - help, Dir - look around, f - activate You miscast Flame Wave.
Energy rips through your body!
* * * LOW HITPOINT WARNING * * *
x2 The bat barely misses you.
The adder misses you.
The orc throws a boomerang.
The boomerang completely misses you.
Unknown command.
The adder barely misses you. The bat completely misses you.
The bat hits you but does no damage. The orc wizard misses you.
The bat hits you but does no damage. The adder barely misses you.
The bat closely misses you. The bat closely misses you. The adder misses you.
Okay, then.
Okay, then.
The orc wizard mumbles some strange words.
The orc wizard flickers and vanishes!
Deactivating autopickup; reactivate with Ctrl-A.
The bat misses you. The adder bites you.
* * * LOW HITPOINT WARNING * * *
Casting: Flame Wave (extremely dangerous; 32% risk of failure)
Confirm with . or Enter, or press ? or * to list all spells.
You conjure some foxfire!
* * * LOW HITPOINT WARNING * * *
The adder barely misses you.
The foxfire hits the adder.
The adder is severely wounded.
The foxfire hits the adder.
You kill the adder!
The adder bites you.
You die...

[##.##...........................
......................#..........
..............................>..
.##.##.##(..#..#..#.#.#....)..#
.##.##.##...#..##.#.o.........#
.##....##...#..##.o.#.##.........
................†.....##.#....#..
..#.##.##.###..#S#b.#.##.#....# .
...............#@##.#.##.#......
...........#..........##.####.#(.
..#.##.##..#.....##..###.# .#..
.......................... .
.......###.......##...##
..#.##.####......##.#.# .#
..#.##.##.........#.#+##.##
..#.##.##.........#.......#
#.#.##.##.........#.......#


You could see an adder and an orc.

Vanquished Creatures
  An orc wizard (D:3)
  7 adders
  A worm (D:2)
  3 dart slugs
  8 orcs (D:3)
  2 bats (D:1)
  6 endoplasms
  4 giant cockroaches
  7 goblins
  6 hobgoblins
  2 quokkas
  9 ball pythons
  4 frilled lizards
  5 kobolds
65 creatures vanquished.

Vanquished Creatures (others)
  139 foxfires
  2 plants (D:1)
141 creatures vanquished.

Grand Total: 206 creatures vanquished

Notes
Turn   | Place    | Note
-------+----------+-------------------------------------------
     0 | D:1      | Gwenloh the Djinni Fire Elementalist began the quest for
                  | the Orb.
     0 | D:1      | Reached XP level 1. HP: 15/15 MP: 0/0
   265 | D:1      | Reached XP level 2. HP: 19/22 MP: 0/0
   864 | D:1      | Reached skill level 1 in Fighting
   867 | D:1      | Reached XP level 3. HP: 20/27 MP: 0/0
   867 | D:1      | Learned a level 1 spell: Sting
   990 | D:1      | Found a faded altar of an unknown god.
  1131 | D:1      | Reached skill level 3 in Spellcasting
  1645 | D:2      | Reached skill level 1 in Shields
  1856 | D:2      | Reached XP level 4. HP: 30/32 MP: 0/0
  2643 | D:3      | Reached XP level 5. HP: 36/38 MP: 0/0
  2643 | D:3      | Learned a level 2 spell: Wereblood
  3509 | D:3      | HP: 1/38 [adder (2)]
  3512 | D:3      | Slain by an adder

Illustrated notes

Levels and vault maps discovered:
D:1:      minmay_arrival_jagged, layout_loops_ring, serial_forest,
          infiniplex_forest_lined_3, infiniplex_forest_join,
          infiniplex_forest_clump_cross, infiniplex_forest_end_3,
          infiniplex_forest_clump_small, nicolae_ecumenical_snake_handling,
          amethyst_killhole
D:2:      layout_loops_ring, kennysheep_pointless_box
D:3:      layout_basic

Skill      XL: |  1  2  3  4  5 |
---------------+----------------+-----
Fighting       | 1 2 |  2.2
Spellcasting   | 3 |  3.7
Shields        | 1 2 |  2.0
Dodging        | |  2.1
Stealth        | |  1.5

Action                   |  1- 3 |  4- 6 || total
-------------------------+-------+-------++-------
Melee: Dagger            |    10 |     4 ||    14
 Cast: Foxfire           |    41 |    46 ||    87
       Scorch            |     5 |    11 ||    16
Armor: Robe              |     2 |     2 ||     4
Dodge: Dodged            |     8 |    17 ||    25

Table legend: (Time is in decaauts)
 A = Elapsed time spent in this place.
 B = Non-inter-level travel time spent in this place.
 C = Inter-level travel time spent in this place.
 D = Time resting spent in this place.
 E = Time spent auto-exploring this place.
 F = Levels seen in this place.
 G = Mean time per level.
                   A        B        C        D        E       F      G
               +--------+--------+--------+--------+--------+-----+--------+
         Total |   3511 |   3410 |    101 |    417 |   2564 |   3 | 1170.3 |
       Dungeon |   3511 |   3410 |    101 |    417 |   2564 |   3 | 1170.3 |
               +--------+--------+--------+--------+--------+-----+--------+

Top non-repeatable levels by time:
     D:1: 1502 daAuts
     D:2: 1202 daAuts
     D:3: 805 daAuts
